 Dungeon Crawl Stone Soup version 0.24-a0-243-g8f5f5cd (webtiles) character file.

Game seed: 292241784168868076

98 tsujin the Digger (level 4, -4/24 HPs)
             Began as a Gargoyle Earth Elementalist on Apr 9, 2019.
             Killed by divine providence
             ... invoked by an orc priest
              (17 damage)
             ... on level 4 of the Dungeon.
             The game lasted 00:04:59 (1800 turns).

tsujin the Digger (Gargoyle Earth Elementalist)     Turns: 1800, Time: 00:05:00

Health: -4/24      AC:  8    Str: 18    XL:     4   Next: 71%
Magic:  1/8        EV: 12    Int: 16    God:
Gold:   179        SH:  4    Dex: 10    Spells: 5/8 levels left

rFire    . . .     SeeInvis .   e - +3 spear
rCold    . . .     Gourm    .   (no shield)
rNeg     + . .     Faith    .   c - +0 robe
rPois    ∞         Spirit   .   (no helmet)
rElec    +         Reflect  .   (no cloak)
rCorr    .         Harm     .   (no gloves)
MR       .....     Rnd*Rage +   k - +0 pair of boots
Stlth    ++........             (no amulet)
HPRegen  0.08/turn              i - +4 ring of strength
MPRegen  0.11/turn              (no ring)

@: no status effects
A: iridescent scales 1, large bone plates 1, berserk 1, negative energy
resistance 1, electricity resistance, strong 1, unbreathing, petrification
resistance, rot immunity, MP-powered wands, AC +3
a: no special abilities


You were on level 4 of the Dungeon.
You were not hungry.

You visited 1 branch of the dungeon, and saw 4 of its levels.

You collected 179 gold pieces.

Inventory:

Hand Weapons
 e - a +3 spear (weapon)
 n - a +0 whip
Missiles
 b - 3 stones (quivered)
Armour
 c - a +0 robe (worn)
 k - a +0 pair of boots (worn)
Jewellery
 i - a +4 ring of strength (left hand)
Scrolls
 f - 2 scrolls of teleportation
 j - 2 scrolls of remove curse
Potions
 a - a potion of haste
 h - 2 potions of ambrosia {unknown}
 l - a potion of agility
 m - a potion of heal wounds {unknown}
Comestibles
 d - 3 rations
 g - 3 chunks of flesh


   Skills:
 - Level 1.5 Dodging
 * Level 4.3 Stealth
 + Level 2.7 Spellcasting
 - Level 0.7 Transmutations
 + Level 4.4 Earth Magic


You had 5 spell levels left.
You knew the following spells:

 Your Spells              Type           Power        Failure   Level  Hunger
a - Sandblast             Erth           ###...       3%          1    #......
b - Passwall              Tmut/Erth      ##......     10%         2    ##.....

Your spell library contained the following spells:

 Spells                   Type           Power        Failure   Level  Hunger
 Stone Arrow              Conj/Erth      #.....       24%         3    ###....
 Petrify                  Tmut/Erth      ##......     54%         4    #####..
 Lee's Rapid Deconstruct  Erth           ###.......   65%         5    ######.


Dungeon Overview and Level Annotations

Branches:
Dungeon (4/15)
 Temple: D:4-7

Altars:
Hepliaklqana


Innate Abilities, Weirdness & Mutations

You are resistant to torment.
Your stone body is resilient. (AC +3)
You are immune to poison.
You resist negative energy. (rN+)
You are resistant to electric shocks. (rElec)
You can survive without breathing.
You are immune to petrification.
You are immune to rotting.
You are partially covered in iridescent scales. (AC +2)
You are partially covered in large bone plates. (SH +4)
You tend to lose your temper in combat.
Your muscles are strong. (Str +2)
You expend magic power (3 MP) to strengthen your wands.


Message History

Confirm with . or Enter, or press ? or * to list all spells.
Aiming: Sandblast (safe; 3% risk of failure)
Press: ? - help, Shift-Dir - straight line, f/p - orc priest
Aim: an orc priest, wielding a +0 club (severely wounded)
The blast of sand hits the orc priest.
The orc priest is severely wounded.
b - 4 stones The orc priest closely misses you.
You now have 2/8 mp.
Casting: Sandblast (safe; 3% risk of failure)
Confirm with . or Enter, or press ? or * to list all spells.
Aiming: Sandblast (safe; 3% risk of failure)
Press: ? - help, Shift-Dir - straight line, f/p - orc priest
Aim: an orc priest, wielding a +0 club (severely wounded)
The blast of sand misses the orc priest.
b - 3 stones The orc priest invokes the aid of Beogh against you.
Beogh smites you!
Ouch! That really hurt!
You die...

.# ###.............#.#
.# #.#.............#.#
.####.#...).........#)#
.##...#######'#######.#
.......## #.#.####..#
..####..# #........##
.## ##.### ##....<...##
## #...# #..........#
###.###...@......#
#...#...^o.....#
###.#..........#
#............#
###.........##
#.........#
#..........#
#...........#
.............#


You could see an orc priest.

Vanquished Creatures
  3 gnolls (D:2)
  2 worms (D:2)
  A dart slug (D:2)
  3 leopard geckos
  6 orcs
  3 giant cockroaches (D:1)
  5 hobgoblins
  3 jackals (D:1)
  2 quokkas (D:2)
  7 bats
  5 frilled lizards
  4 goblins
  4 kobolds
  3 rats (D:1)
51 creatures vanquished.

Notes
Turn   | Place    | Note
-------+----------+-------------------------------------------
     0 | D:1      | tsujin the Gargoyle Earth Elementalist began the quest for
                  | the Orb.
     0 | D:1      | Reached XP level 1. HP: 10/10 MP: 3/3
   139 | D:1      | Reached XP level 2. HP: 15/15 MP: 5/5
   728 | D:1      | Reached XP level 3. HP: 19/19 MP: 6/6
   996 | D:2      | Gained mutation: You tend to lose your temper in combat.
                  | [potion of mutation]
   996 | D:2      | Gained mutation: You are dopey. (Int -2) [potion of
                  | mutation]
   996 | D:2      | Gained mutation: You are partially covered in iridescent
                  | scales. (AC +2) [potion of mutation]
  1045 | D:2      | Lost mutation: You are dopey. (Int -2) [potion of mutation]
  1045 | D:2      | Gained mutation: Your muscles are strong. (Str +2) [potion
                  | of mutation]
  1045 | D:2      | Gained mutation: You expend magic power (3 MP) to
                  | strengthen your wands. [potion of mutation]
  1045 | D:2      | Gained mutation: You are partially covered in large bone
                  | plates. (SH +4) [potion of mutation]
  1180 | D:2      | Learned a level 2 spell: Passwall
  1458 | D:2      | Reached XP level 4. HP: 19/24 MP: 7/7
  1682 | D:2      | You fall through a shaft for 2 floors!
  1717 | D:3      | Found a hazy altar of Hepliaklqana.
  1800 | D:4      | Killed from afar by an orc priest

Levels and vault maps discovered:
D:1:      grunt_arrival_lava_bath, layout_basic
D:2:      layout_loops_ring
D:3:      layout_loops_ring, nicolae_overflow_hidden_temple, first_ration,
          minivault_5
D:4:      layout_rooms, minmay_temple_entry_mini_moons, serial_bayou_lagoon_a,
          kennysheep_path_1

Skill      XL: |  1  2  3  4 |
---------------+-------------+-----
Stealth        | 3 4 |  4.3
Earth Magic    | 4 |  4.4
Dodging        | |  1.5
Spellcasting   | |  2.7
Transmutations | |  0.7

Action                   |  1- 3 |  4- 6 || total
-------------------------+-------+-------++-------
Melee: Spear             |   101 |    15 ||   116
       Unarmed           |     5 |       ||     5
 Cast: Sandblast         |    16 |    16 ||    32
  Use: Scroll            |     5 |     1 ||     6
       Potion            |     4 |       ||     4
 Stab: Sleeping          |     3 |       ||     3
  Eat: Chunk             |     2 |     1 ||     3
Armor: Robe              |    48 |     4 ||    52
Dodge: Dodged            |    85 |    10 ||    95
Block: Other             |     5 |       ||     5

Table legend:
 A = Non-vault XP
 B = Vault XP
 C = Vault XP percentage of total XP
 D = Non-vault monster count
 E = Vault monster count
 F = Vault count percentage of total count
                 A         B        C        D         E       F
            +---------+---------+-------+---------+---------+-------
      Total |     141 |       0 |   0.0 |      51 |       0 |   0.0
            +---------+---------+-------+---------+---------+-------
        D:1 |      36 |       0 |   0.0 |      23 |       0 |   0.0
        D:2 |      93 |       0 |   0.0 |      24 |       0 |   0.0
        D:4 |      12 |       0 |   0.0 |       4 |       0 |   0.0
            +---------+---------+-------+---------+---------+-------
